 Dungeon Crawl Stone Soup version 0.28.0-53-g5a82cb258f (webtiles) character file.

Game seed: 4468344953697529688

133 H0rd4k the Charlatan (level 5, 0/38 HPs)
             Began as a Human Artificer on Aug 9, 2022.
             Slain by Pikel
             ... wielding a +0 whip of flaming
              (2 damage)
             ... on level 4 of the Dungeon.
             The game lasted 00:05:23 (4763 turns).

H0rd4k the Charlatan (Human Artificer)              Turns: 4763, Time: 00:05:24

Health: 0/38       AC:  3    Str: 13      XL:     5   Next: 40%
Magic:  5/5        EV: 12    Int: 11 (13) God:
Gold:   191        SH:  0    Dex: 13      Spells: 4/4 levels left

rFire   . . .      SeeInvis .   a - +0 club
rCold   . . .      Faith    .   (no shield)
rNeg    . . .      Spirit   .   b - +0 leather armour
rPois   .          Reflect  .   (no helmet)
rElec   .          Harm     .   (no cloak)
rCorr   .          Rampage  .   (no gloves)
Will    .....                   (no boots)
Stlth   +.........              (no amulet)
HPRegen 0.12/turn               (no ring)
MPRegen 0.09/turn               (no ring)

@: no status effects
A: no striking features
a: no special abilities


You were on level 4 of the Dungeon.
You visited 1 branch of the dungeon, and saw 4 of its levels.

You collected 191 gold pieces.

Inventory:

Hand Weapons
 a - a +0 club (weapon)
 c - a +0 vorpal spear
 j - a +1 hunting sling of flaming
Armour
 b - a +0 leather armour (worn)
 i - a +0 helmet
Wands
 d - a wand of charming (1)
 k - a wand of polymorph (9)
Scrolls
 f - 7 scrolls of identify {unknown}
 g - 2 scrolls of amnesia {unknown}
 h - 2 scrolls of magic mapping {unknown}
 m - a scroll of noise {unknown}
 n - a scroll of enchant armour {unknown}
 p - a scroll of enchant weapon {unknown}
Potions
 l - 2 potions of flight
Miscellaneous
 e - a piece from Xom's chessboard (9/15)


   Skills:
 + Level 1.9 Fighting
 + Level 2.7 Maces & Flails
 - Level 2.0 Armour
 + Level 2.1 Dodging
 - Level 1.0 Stealth
 + Level 3.9 Evocations


You had 4 spell levels left.
You didn't know any spells.
Your spell library contained the following spells:

 Spells                   Type           Power      Damage    Failure   Level
 Sandblast                Erth           0%         2d4       41%         1
 Passwall                 Tmut/Erth      0%         N/A       56%         2
 Confusing Touch          Hex            0%         N/A       80%         3
 Stone Arrow              Conj/Erth      0%         3d7       80%         3
 Yara's Violent Unravell  Hex/Tmut       0%         3d3       100%        5
 Enfeeble                 Hex            0%         N/A       100%        7


Dungeon Overview and Level Annotations

Branches:
Dungeon (4/15)
 Temple: D:4-7

Altars:

Shops:
D:2 (   D:3 [

Annotations:
D:2 exclusion: downstairs
D:4 exclusion: zombie, Pikel


Message History

The helpless Pikel fails to defend himself.
You hit Pikel.
Pikel is lightly wounded.
The helpless Pikel fails to defend himself.
You hit Pikel.
Pikel is lightly wounded.
The helpless Pikel fails to defend himself.
You hit Pikel.
Pikel is lightly wounded.
The helpless Pikel fails to defend himself.
You hit Pikel.
Pikel is lightly wounded.
Pikel stops glowing.
The helpless Pikel fails to defend himself.
You hit Pikel.
Pikel is moderately wounded.
The helpless Pikel fails to defend himself.
You hit Pikel.
Pikel is moderately wounded.
The helpless Pikel fails to defend himself.
You hit Pikel.
Pikel is moderately wounded.
Pikel is no longer petrified.
Pikel hits you with a +0 whip of flaming!
Pikel burns you.
You hit Pikel.
Pikel is moderately wounded.
Pikel closely misses you.
Pikel hits you with a +0 whip of flaming!
* * * LOW HITPOINT WARNING * * *
Pikel burns you.
* * * LOW HITPOINT WARNING * * *
Aiming: Charm
Press: ? - help, Shift-Dir - straight line, f - Pikel
Aim: Pikel, wielding a +0 whip of flaming, wearing a +0 robe and carrying a wand of flame (13) (moderately wounded, misshapen and mutated, chance to affect: 65%) Pikel struggles to resist.
Pikel hits you with a +0 whip of flaming.
* * * LOW HITPOINT WARNING * * *
Pikel burns you.
You die...

#.............#
#####.#
...............
#.#
#.............#
#.#
##.#.......#.##
#.# ####.....####
#.# ##...## #.#
#.....# #.#
##.K.## #.# ##@##
#.# #...#######
#.# ##.##.....#
#.#
#....###.######.#
###### #........#
#.######## ###


You could see Pikel (misshapen).

Vanquished Creatures
  A bullfrog skeleton (D:4)
  Robin (D:3)
  2 adders (D:2)
  2 worms
  2 dart slugs
  6 orcs (D:3)
  5 ball pythons
  6 bats
  An endoplasm (D:1)
  3 giant cockroaches
  11 goblins
  A hobgoblin (D:1)
  3 kobolds
  8 rats
52 creatures vanquished.

Vanquished Creatures (collateral kills)
  An orc (D:3)
  2 giant cockroaches (D:4)
  3 goblins (D:3)
  2 hobgoblins (D:3)
  A ball python (D:4)
9 creatures vanquished.

Vanquished Creatures (others)
  A lemure (D:4)
  An adder (D:3)
  A dart slug (D:3)
  A goblin (D:3)
4 creatures vanquished.

Grand Total: 65 creatures vanquished

Notes
Turn   | Place    | Note
-------+----------+-------------------------------------------
     0 | D:1      | H0rd4k the Human Artificer began the quest for the Orb.
     0 | D:1      | Reached XP level 1. HP: 15/15 MP: 1/1
   374 | D:1      | Found a faded altar of an unknown god.
   389 | D:1      | Reached XP level 2. HP: 12/21 MP: 2/2
  1078 | D:1      | Reached XP level 3. HP: 19/26 MP: 3/3
  1237 | D:2      | Reached skill level 1 in Maces & Flails
  1856 | D:2      | Found Vute's Weapon Boutique.
  1862 | D:2      | Reached XP level 4. HP: 32/32 MP: 4/4
  3241 | D:3      | Noticed Robin
  3295 | D:3      | Found Zolyt's Armour Emporium.
  3309 | D:3      | HP: 1/32 [goblin/+0 club[Robin] (2)]
  3322 | D:3      | Killed Robin
  4060 | D:4      | Reached XP level 5. HP: 38/38 MP: 5/5
  4615 | D:4      | Noticed a lemure
  4616 | D:4      | Noticed Pikel
  4616 | D:4      | Noticed a lemure
  4616 | D:4      | Noticed a lemure
  4617 | D:4      | Noticed a lemure
  4618 | D:4      | Noticed a phantom
  4763 | D:4      | Slain by Pikel

Illustrated notes

Levels and vault maps discovered:
D:1:      scummos_arrival_star, layout_basic, hellmonk_ecumenical_altar_blasted,
          st_stairs_3
D:2:      layout_loops_ring, serial_shops, nicolae_shop_bloodbath_and_beyond
D:3:      layout_basic, serial_shops, nicolae_shop_waterfront, uniq_robin
D:4:      layout_basic, hangedman_decor_peaks_small,
          nicolae_figureground_sparkle, uniq_pikel

Skill      XL: |  1  2  3  4 |
---------------+-------------+-----
Maces & Flails | 1 2 |  2.7
Dodging        | 2 |  2.1
Fighting       | |  1.9
Armour         | |  2.0
Stealth        | |  1.0
Evocations     | |  3.9

Action                   |  1- 3 |  4- 6 || total
-------------------------+-------+-------++-------
Melee: Club              |    82 |   151 ||   233
       Punch             |     1 |       ||     1
Evoke: Wand              |    10 |    19 ||    29
       Piece from Xom's  |       |     6 ||     6
  Use: Potion            |       |     5 ||     5
 Stab: Sleeping          |     1 |     1 ||     2
       Distracted        |       |     1 ||     1
       Petrified         |       |     8 ||     8
       Petrifying        |       |     1 ||     1
Armor: Leather armour    |    25 |    50 ||    75
       Skin              |       |     9 ||     9
Dodge: Dodged            |    59 |   106 ||   165
